 Dungeon Crawl Stone Soup version 0.20.1-1-g8b1a95d (console) character file.

28 Goblin1989 the Firebug (level 3, 24/24 HPs)
             Began as a Demonspawn Fire Elementalist on July 6, 2017.
             Quit the game on level 1 of the Dungeon.
             The game lasted 00:05:30 (621 turns).

Goblin1989 the Firebug (DsFE)                        Turns: 621, Time: 00:05:31

Health: 24/24      AC:  2    Str:  8    XL:     3   Next: 0%
Magic:  2/6        EV: 12    Int: 17    God:
Gold:   71         SH:  0    Dex: 13    Spells: 5/6 levels left

rFire    . . .     SeeInvis .   a - +0 dagger
rCold    . . .     Gourm    .   (no shield)
rNeg     . . .     Faith    .   m - +0 robe
rPois    .         Spirit   +   (no helmet)
rElec    .         Reflect  .   (no cloak)
rCorr    .         Harm     .   (no gloves)
MR       .....                  (no boots)
Stlth    ++........             (no amulet)
Regen    0.1/turn               (no ring)
MPRegen  0.1/turn               (no ring)

@: no status effects
A: spiny 1, magic shield
a: no special abilities


You were on level 1 of the Dungeon.
You were not hungry.

You visited 1 branch of the dungeon, and saw 1 of its levels.

You collected 71 gold pieces.

Inventory:

Hand Weapons
 a - a +0 dagger (weapon)
 b - a +0 hunting sling
Missiles
 n - 20 stones (quivered)
Armour
 m - a +0 robe (worn)
Scrolls
 g - 2 scrolls of recharging {unknown}
 h - a scroll of amnesia {unknown}
Books
 l - a book of Flames

   Spells                             Type                      Level
   a - Flame Tongue                   Conjuration/Fire             1
   b - Throw Flame                    Conjuration/Fire             2
   c - Conjure Flame                  Conjuration/Fire             3
   d - Inner Flame                    Hexes/Fire                   3
   e - Sticky Flame                   Conjuration/Fire             4
   f - Fireball                       Conjuration/Fire             5
Comestibles
 e - 2 bread rations {@e1}
 o - 3 chunks of flesh


   Skills:
 - Level 1.7 Dodging
 - Level 1.7 Stealth
 + Level 2.1 Spellcasting
 * Level 2.1 Conjurations
 * Level 3.1 Fire Magic


You had 5 spell levels left.
You knew the following spells:

 Your Spells              Type           Power        Failure   Level  Hunger
a - Flame Tongue          Conj/Fire      ##...        6%          1    #......


Dungeon Overview and Level Annotations

Branches:
Dungeon (1/15)

Altars:


Innate Abilities, Weirdness & Mutations

You are partially covered in sharp spines.
When hurt, damage is shared between your health and your magic reserves.


Message History

Press: ? - help, Shift-Dir - straight line, f - rat
Aim: a rat The flame tongue hits the rat.
You kill the rat!
You now have 4/5 mp.
You butcher the rat corpse.
o - a chunk of flesh MP restored: 5 You open the door.
There is an open door here.
You open the door.
A kobold and a dart slug come into view.
Unknown command.
Unknown command.
The kobold moves out of view.
Casting: Flame Tongue
Confirm with . or Enter, or press ? or * to list all spells.
Aiming: Flame Tongue
Press: ? - help, Shift-Dir - straight line, f - dart slug
Aim: a dart slug The flame tongue hits the dart slug.
The dart slug is moderately wounded.
You now have 4/5 mp.
Casting: Flame Tongue
Confirm with . or Enter, or press ? or * to list all spells.
Aiming: Flame Tongue
Press: ? - help, Shift-Dir - straight line, f/p - dart slug
Aim: a dart slug (moderately wounded)
The flame tongue hits the dart slug.
The dart slug is severely wounded.
You now have 3/5 mp.
Casting: Flame Tongue
Confirm with . or Enter, or press ? or * to list all spells.
Aiming: Flame Tongue
Press: ? - help, Shift-Dir - straight line, f/p - dart slug
Aim: a dart slug (severely wounded)
The flame tongue hits the dart slug.
You kill the dart slug!
Your Conjurations skill increases to level 2!
You now have 2/5 mp.
There is an open door here.
Casting: Flame Tongue
Confirm with . or Enter, or press ? or * to list all spells.
Aiming: Flame Tongue
Press: ? - help, Shift-Dir - straight line, f - kobold
Aim: a kobold, wielding a whip The flame tongue hits the kobold.
You kill the kobold!
You now have 1/5 mp.
You start resting.
Magic restored.
MP restored: 5
There is an open door here.
There is an open door here.
You see here a whip.
You see here a dart slug corpse.
You butcher the dart slug corpse.
o - 3 chunks of flesh (gained 2)
g - 2 scrolls labeled ZELIEL GUOR (gained 1)
A jackal comes into view.
The jackal moves out of view.
A jackal comes into view.
There are monsters nearby!
There are monsters nearby!
There are monsters nearby!
Unknown command.
The jackal barks!
The jackal barks!
Casting: Flame Tongue
Confirm with . or Enter, or press ? or * to list all spells.
Aiming: Flame Tongue
Press: ? - help, Shift-Dir - straight line, f - jackal
Aim: a jackal The flame tongue hits the jackal.
You kill the jackal!
You now have 4/5 mp.
Casting: Flame Tongue
Confirm with . or Enter, or press ? or * to list all spells.
Aiming: Flame Tongue
Press: ? - help, Shift-Dir - straight line, f - jackal
Aim: a jackal The flame tongue hits the jackal.
The jackal is heavily wounded.
You now have 3/5 mp.
Casting: Flame Tongue
Confirm with . or Enter, or press ? or * to list all spells.
Aiming: Flame Tongue
Press: ? - help, Shift-Dir - straight line, f/p - jackal
Aim: a jackal (heavily wounded)
The flame tongue hits the jackal.
You kill the jackal!
You have reached level 3!
Your experience leads to an increase in your attributes!
Increase (S)trength, (I)ntelligence, or (D)exterity?
You feel clever.
Your demonic ancestry asserts itself...
Sharp spines emerge from parts of your body.
Health restored: 24 You now have 2/6 mp.
Unknown command.
Are you sure you want to abandon this character and quit the game? (Confirm with "yes".)

█.████ ████.███ █. █....█
████████████...█ █.█ █....█
█..............█ █.█ █..).█
█..............█ █.█ █....█
█..............█.█ █.█ █....█
█..............█.███ █.█ █....█
█..............█.█..
█.█████....███..............█.███
...........∆.)..@................
█.█████....███................██.
....█ █.████ █................█..
....█ █.█ █................█..
....█ █.█ ███████████████.....
....███.█████████....███████..█..
................∆^......█....███.
█.....█.█████████..).██...██.█.█.
█████.█.█ █....███.██..Ψ...


There were no monsters in sight!

Vanquished Creatures
  An ooze (D:1)
  2 dart slugs (D:1)
  A leopard gecko (D:1)
  A giant cockroach (D:1)
  A hobgoblin (D:1)
  2 jackals (D:1)
  6 kobolds (D:1)
  5 rats (D:1)
19 creatures vanquished.

Notes
Turn   | Place    | Note
-------+----------+-------------------------------------------
     0 | D:1      | Goblin1989 the Demonspawn Fire Elementalist began the quest for the Orb.
     0 | D:1      | Reached XP level 1. HP: 13/13 MP: 3/3
   186 | D:1      | Gained mutation: When hurt, damage is shared between your health and your magic reserves. [demonic ancestry]
   186 | D:1      | Reached XP level 2. HP: 19/19 MP: 3/5
   189 | D:1      | Reached skill level 3 in Fire Magic
   620 | D:1      | Gained mutation: You are partially covered in sharp spines. [demonic ancestry]
   620 | D:1      | Reached XP level 3. HP: 24/24 MP: 2/6
   621 | D:1      | Quit the game

Skill      XL: |  1  2 |
---------------+-------+-----
Fire Magic     | 3 |  3.1
Conjurations   | 2 |  2.1
Dodging        | |  1.7
Stealth        | |  1.7
Spellcasting   | |  2.1

Action                   || total
-------------------------++-------
 Cast: Flame Tongue      ||    27
Armor: Robe              ||     1
Dodge: Dodged            ||     4

Vault maps used:
D:1:      dpeg_arrival_arbitrary_a, minmay_hexomino_u4
